 Dungeon Crawl Stone Soup version 0.31-a0-1082-g7d1fb776a8 (webtiles) character file.

Game seed: 4690916365887713003

83 kae the Vexing (level 4, -1/32 HPs)
             Began as a Demonspawn Enchanter on Nov 27, 2023.
             Frozen to death by an endoplasm (5 damage)
             ... on level 3 of the Dungeon.
             The game lasted 00:02:34 (2152 turns).

kae the Vexing (Demonspawn Enchanter)               Turns: 2152, Time: 00:02:35

Health: -1/32      AC:  5    Str:  8 (9)  XL:     4   Next: 22%
Magic:  6/7        EV: 12    Int: 16 (18) God:
Gold:   33         SH:  5    Dex: 10 (13) Spells: 2/7 levels left

rFire   . . .        a - +1 dagger (freeze)
rCold   . . .        (no shield)
rNeg    . . .        b - +1 robe
rPois   .            (no helmet)
rElec   .            (no cloak)
rCorr   .            (no gloves)
SInv    .            (no boots)
Will    .....        h - amulet of reflection
Stlth   ++           (no ring)
HPRegen 0.25/turn    (no ring)
MPRegen 0.10/turn

%: reflection
@: attractive, invisible
A: slimy green scales 1, powered by death 1
a: no special abilities


You were on level 3 of the Dungeon.
You visited 1 branch of the dungeon, and saw 3 of its levels.

You collected 33 gold pieces.


Innate Abilities, Weirdness & Mutations

You are partially covered in slimy green scales. (AC +2)
You regenerate a little health from kills.


   Skills:
 + Level 1.1 Fighting
 * Level 1.9 Short Blades
 + Level 2.2 Dodging
 * Level 3.2 Stealth
 + Level 2.2 Spellcasting
 + Level 3.2 Hexes
 * Level 0.6 Ice Magic


You had 2 spell levels left.
You knew the following spells:

 Your Spells              Type           Power      Damage    Failure   Level
a - Ensorcelled Hibernat  Hex/Ice        16%        N/A       14%         2
b - Confusing Touch       Hex            12%        N/A       16%         3

Your spell library contained the following spells:

 Spells                   Type           Power      Damage    Failure   Level
 Poisonous Vapours        Pois/Air       2%         N/A       30%         2
 Tukima's Dance           Hex            12%        N/A       16%         3
 Dazzling Flash           Conj/Hex       14%        N/A       30%         3
 Frozen Ramparts          Ice            8%         1d2       41%         3
 Mephitic Cloud           Conj/Pois/Air  1%         N/A       52%         3
 Petrify                  Tmut/Erth      1%         N/A       90%         4
 Metabolic Englaciation   Hex/Ice        4%         N/A       94%         5
 Silence                  Hex/Air        3%         N/A       96%         5
 Agony                    Necr           1%         N/A       99%         5
 Freezing Cloud           Conj/Ice/Air   1%         6-21      99%         5

Inventory:

Hand Weapons
 a - a +1 dagger of freezing (weapon)
Missiles
 e - 19 stones
 i - 4 poisoned darts
Armour
 b - a +1 robe (worn)
Jewellery
 h - an amulet of reflection (around neck)
   (You found it on level 2 of the Dungeon)
 F - a ring of fire
   (You found it on level 1 of the Dungeon)
Scrolls
 f - a scroll of fog
 j - a scroll of fear {unknown}
Potions
 c - a potion of invisibility
 d - a potion of attraction {!q}

Dungeon Overview and Level Annotations

Branches:
Dungeon (3/15) Zot: 15858

Altars:
Gozag

Shops:
D:2

* #...# . #...# ..
####...#
..##########......#
..................#
..................#
..............J...#
.......§..§..SJJ@.+
...........§.K.J..#
..........§.o.o...#
...§§.§......§..###
§o.....§§.§§....#
>..................
................###
..?.............#
..................


You could see an adder (wandering, unable to see you), 2 orcs, 4 endoplasms and
a kobold (unable to see you).


Message History

You take 4 damage, and now have 22/32 hp.
You are too injured to fight recklessly!
You are too injured to fight recklessly!
Unknown command.
You hit the endoplasm. You freeze the endoplasm.
The kobold shouts!
The orc shouts!
Unknown command.
Casting: Ensorcelled Hibernation (safe; 12% risk of failure)
Confirm with . or Enter, or press ? or * to list all spells.
Aiming: Ensorcelled Hibernation (safe; 12% risk of failure)
Press: ? - help, Shift-Dir - straight line, f - endoplasm
Aim: an endoplasm (chance to affect: 61%)
The endoplasm resists with significant effort.
The endoplasm freezes you. The endoplasm barely misses you.
The endoplasm hits you but does no damage. 😮 HP[-3] MP[-2]
You take 3 damage, and now have 19/32 hp.
You lost 2 mp, and now have 5/7 mp.
You hit the endoplasm but do no damage. You punch the endoplasm.
The endoplasm freezes you.
* * * LOW HITPOINT WARNING * * *
The endoplasm freezes you.
* * * LOW HITPOINT WARNING * * *
The endoplasm jiggles.
You block the endoplasm's attack. 😨 HP[-6]
You take 6 damage, and now have 13/32 hp.
It was a potion of degeneration.
There was something very wrong with that liquid.
You feel weakened.
You feel dopey.
You feel clumsy. The endoplasm freezes you.
* * * LOW HITPOINT WARNING * * *
The endoplasm freezes you.
* * * LOW HITPOINT WARNING * * *
You block the endoplasm's attack. 😱 HP[-8]
You take 8 damage, and now have 5/32 hp.
MASSIVE DAMAGE!! (PAUSE) It was a potion of attraction.
You feel attractive to monsters. The endoplasm freezes you.
* * * LOW HITPOINT WARNING * * *
The endoplasm closely misses you.
The endoplasm hits you but does no damage.
The orc closely misses you. The kobold is attracted toward you.
The orc is attracted toward you.
The adder is attracted toward you. 😱 HP[-3]
You take 3 damage, and now have 2/32 hp.
Unknown command.
Blink to where?
Press: ? - help, Dir - move target, p - endoplasm
Found an escape hatch in the ceiling.
As you read the scroll of blinking {!r}, it crumbles to dust.
The kobold is attracted toward you. The endoplasm is attracted toward you.
The adder is attracted toward you.
The endoplasm is attracted toward you. x2
The orc is attracted toward you. x2; The endoplasm is attracted toward you.
Unknown command.
The kobold is attracted toward you.
The endoplasm is attracted toward you. x3
The adder is attracted toward you. The endoplasm is attracted toward you.
The orc is attracted toward you. x2 😱 HP[+1]
The kobold is attracted toward you.
The endoplasm is attracted toward you. x3
The adder is attracted toward you. The endoplasm is attracted toward you.
The orc is attracted toward you. x2
Unknown command.
The endoplasm is attracted toward you. x2; The adder is attracted toward you.
The orc is attracted toward you. x2
The kobold is attracted toward you. The endoplasm is attracted toward you.
The orc is attracted toward you. The adder is attracted toward you.
The orc is attracted toward you.
Unknown command.
The kobold is attracted toward you. The orc is attracted toward you.
The adder is attracted toward you.
The orc is attracted toward you. 😱 HP[+1] MP[+1]
The orc is attracted toward you. The adder is attracted toward you.
The orc is attracted toward you.
The endoplasm attacks as it pursues you!
The endoplasm hits you.
* * * LOW HITPOINT WARNING * * *
The orc is attracted toward you. The adder is attracted toward you.
The orc is attracted toward you.
There is an escape hatch in the ceiling here.
Unknown command. 😱 HP[-1]
You take 1 damage, and now have 3/32 hp.
The endoplasm attacks as it pursues you!
The endoplasm misses you. The adder is attracted toward you.
The orc is attracted toward you. x2
The endoplasm attacks as it pursues you!
The endoplasm hits you but does no damage.
The endoplasm is attracted toward you. The orc is attracted toward you. x2
The adder is attracted toward you. 😱 HP[+1]
The orc is attracted toward you. The kobold is attracted toward you.
The orc is attracted toward you. The adder is attracted toward you.
The endoplasm attacks as it pursues you!
The endoplasm barely misses you. The endoplasm freezes you.
You die...

Skill      XL: |  1  2  3  4 |
---------------+-------------+-----
Short Blades   | 1 |  1.9
Dodging        | 2 |  2.2
Stealth        | 3 |  3.2
Fighting       | 1 |  1.1
Spellcasting   | |  2.2
Hexes          | |  3.2
Ice Magic      | |  0.6

Action                     |  1- 3 |  4- 6 || total
---------------------------+-------+-------++-------
  Melee: Dagger            |   114 |    34 ||   148
         Punch             |       |     2 ||     2
   Cast: Ensorcelled Hiber |     4 |     4 ||     8
    Use: Scroll            |     3 |     2 ||     5
         Potion            |       |     3 ||     3
   Stab: Sleeping          |    10 |     3 ||    13
         Invisible         |       |     1 ||     1
 Armour: Robe              |    43 |    23 ||    66
  Dodge: Dodged            |    69 |    24 ||    93
  Block: Other             |       |    11 ||    11

Levels and vault maps discovered:
D:1:      amcnicky_arrival_feature_with_door, layout_basic,
          ebering_ecumenical_altar_abandoned
D:2:      layout_basic, serial_shops, nicolae_shop_rolling_square, basic_altar
D:3:      layout_basic, mainiacjoe_overflow_alcove_4, gup_sewer_entry_bubbles,
          corexii_corridor_pit

Notes
Turn   | Place    | Note
-------+----------+-------------------------------------------
     0 | D:1      | kae the Demonspawn Enchanter began the quest for the Orb.
     0 | D:1      | Reached XP level 1. HP: 13/13 MP: 3/3
     0 | D:1      | magus.rc [v1.11.3]
    31 | D:1      | Found a faded altar of an unknown god.
   104 | D:1      | Reached skill level 1 in Short Blades
   200 | D:1      | Gained mutation: You regenerate a little health from kills.
                  | [demonic ancestry]
   200 | D:1      | Reached XP level 2. HP: 8/19 MP: 5/5
   332 | D:1      | Reached skill level 2 in Dodging
   414 | D:1      | Reached skill level 3 in Stealth
   442 | D:1      | Gained mutation: You are partially covered in slimy green
                  | scales. (AC +2) [demonic ancestry]
   442 | D:1      | Reached XP level 3. HP: 23/25 MP: 6/6
   445 | D:1      | Learned a level 2 spell: Ensorcelled Hibernation
   449 | D:1      | Learned a level 3 spell: Confusing Touch
  1191 | D:2      | Found Dump's General Store.
  1200 | D:2      | You pick up a book of Vapours and begin reading...
  1200 | D:2      | You add the spells Poisonous Vapours, Mephitic Cloud and
                  | Freezing Cloud to your library.
  1230 | D:2      | Found an opulent altar of Gozag.
  1367 | D:2      | Reached XP level 4. HP: 31/31 MP: 7/7
  1478 | D:2      | Reached skill level 1 in Fighting
  1492 | D:2      | You pick up a book of Sloth and begin reading...
  1492 | D:2      | You add the spells Frozen Ramparts, Petrify and Metabolic
                  | Englaciation to your library.
  1834 | D:2      | You pick up a book of the Senses and begin reading...
  1834 | D:2      | You add the spells Agony and Silence to your library.
  2139 | D:3      | HP: 5/32 [frozen (4)]
  2140 | D:3      | HP: 2/32 [frozen (3)]
  2148 | D:3      | HP: 3/32 [endoplasm (1)]
  2152 | D:3      | Frozen to death by an endoplasm

Vanquished Creatures
  2 gnolls (D:1)
  An adder (D:2)
  A worm (D:2)
  3 dart slugs
  An orc (D:3)
  6 ball pythons
  3 bats
  2 endoplasms
  A giant cockroach (D:3)
  4 goblins (D:1)
  2 hobgoblins
  5 quokkas
  3 frilled lizards (D:1)
  5 kobolds
  6 rats
45 creatures vanquished.

Table legend:
 A = Non-vault XP
 B = Vault XP
 C = Vault XP percentage of total XP
 D = Non-vault monster count
 E = Vault monster count
 F = Vault count percentage of total count
                 A         B        C        D         E       F
            +---------+---------+-------+---------+---------+-------
      Total |     119 |       0 |   0.0 |      45 |       0 |   0.0
            +---------+---------+-------+---------+---------+-------
        D:1 |      66 |       0 |   0.0 |      23 |       0 |   0.0
        D:2 |      44 |       0 |   0.0 |      17 |       0 |   0.0
        D:3 |       9 |       0 |   0.0 |       5 |       0 |   0.0
            +---------+---------+-------+---------+---------+-------

Skill      XL: |  1  2  3  4 |
---------------+-------------+-----
Short Blades   | 1 |  1.9
Dodging        | 2 |  2.2
Stealth        | 3 |  3.2
Fighting       | 1 |  1.1
Spellcasting   | |  2.2
Hexes          | |  3.2
Ice Magic      | |  0.6

Action                     |  1- 3 |  4- 6 || total
---------------------------+-------+-------++-------
  Melee: Dagger            |   114 |    34 ||   148
         Punch             |       |     2 ||     2
   Cast: Ensorcelled Hiber |     4 |     4 ||     8
    Use: Scroll            |     3 |     2 ||     5
         Potion            |       |     3 ||     3
   Stab: Sleeping          |    10 |     3 ||    13
         Invisible         |       |     1 ||     1
 Armour: Robe              |    43 |    23 ||    66
  Dodge: Dodged            |    69 |    24 ||    93
  Block: Other             |       |    11 ||    11

Illustrated notes

Table legend:
 A = Kills in this place as a percentage of kills in the entire game.
 B = Kills by you in this place as a percentage of kills by you in the entire game.
 C = Kills by friends in this place as a percentage of kills by friends in the entire game.
 D = Other kills in this place as a percentage of other kills in the entire game.
 E = Experience gained in this place as a percentage of experience gained in the entire game.
 F = Experience gained in this place divided by the number of levels of this place that you have seen.
                   A       B       C       D       E      F
               +-------+-------+-------+-------+-------+----------------------
         Total | 100.0 | 100.0 |   N/A |   N/A | 100.0 |  39.7
       Dungeon | 100.0 | 100.0 |   N/A |   N/A | 100.0 |  39.7
               +-------+-------+-------+-------+-------+----------------------

Table legend: (Time is in decaauts)
 A = Elapsed time spent in this place.
 B = Non-inter-level travel time spent in this place.
 C = Inter-level travel time spent in this place.
 D = Time resting spent in this place.
 E = Time spent auto-exploring this place.
 F = Levels seen in this place.
 G = Mean time per level.
                   A        B        C        D        E       F      G
               +--------+--------+--------+--------+--------+-----+--------+
         Total |   2140 |   2094 |     46 |     27 |   1648 |   3 |  713.3 |
       Dungeon |   2140 |   2094 |     46 |     27 |   1648 |   3 |  713.3 |
               +--------+--------+--------+--------+--------+-----+--------+

Top non-repeatable levels by time:
     D:1: 1065 daAuts
     D:2: 990 daAuts
     D:3: 84 daAuts
